 Dungeon Crawl Stone Soup version 0.28.0-43-g3370ac3207 (webtiles) character file.

Game seed: 9096239031480161034

8014 issech the Basher (level 11, -27/98 HPs)
             Began as a Troll Monk on Mar 22, 2022.
             Was a Priest of Hepliaklqana.
             Annihilated by a boulder beetle (57 damage)
             ... on level 10 of the Dungeon.
             The game lasted 00:48:15 (9580 turns).

issech the Basher (Troll Monk)                      Turns: 9580, Time: 00:48:15

Health: -27/98     AC:  4    Str: 27    XL:     11   Next: 4%
Magic:  10/10      EV: 27    Int:  3    God:    Hepliaklqana [***...]
Gold:   687        SH:  0    Dex: 16    Spells: 10/10 levels left

rFire   + . .      SeeInvis .   y - +3 giant club (spect)
rCold   + + .      Faith    .   (shield currently unavailable)
rNeg    . . .      Spirit   .   p - +0 animal skin
rPois   .          Reflect  .   (helmet restricted)
rElec   .          Harm     .   (no cloak)
rCorr   .          Rampage  .   (gloves unavailable)
Will    .....                   (boots unavailable)
Stlth   +++.......              T - amulet of Jute {Acrobat rF+ rC+ Int-3}
HPRegen 1.06/turn               I - ring of protection from cold
MPRegen 0.12/turn               H - +6 ring of strength

@: acrobatic
A: reduced essence, large, unfitting armour, claws 3, regeneration 1, shaggy fur
1, tough skin 1
a: Renounce Religion, Recall Ancestor, Ancestor Identity, Transference


You were on level 10 of the Dungeon.
You worshipped Hepliaklqana.
Hepliaklqana was most pleased with you.
You visited 2 branches of the dungeon, and saw 11 of its levels.
You also visited: Sewer and Bailey.

You collected 687 gold pieces.

Inventory:

Hand Weapons
 a - a +0 morningstar
 d - a +3 spear of pain
 n - a +2 hunting sling of freezing
 q - a +4 halberd of draining
 u - a +0 giant spiked club
 v - a +1 flail of protection
 y - a +3 spectral giant club (weapon)
 E - a +2 vampiric whip
 N - a +4 rapier
 P - a +2 dagger of venom
Missiles
 g - 297 stones (quivered)
 l - 76 sling bullets
 m - 59 bolts
 s - 116 arrows
 w - 53 poisoned darts
 x - 4 throwing nets
 L - 6 curare-tipped darts
Armour
 b - a +0 robe
 p - a +0 animal skin (worn)
Jewellery
 i - a ring of flight
 r - an amulet of regeneration
 H - a +6 ring of strength (right claw)
 I - a ring of protection from cold (left claw)
 M - an amulet of magic regeneration
 O - an amulet of reflection
 T - the amulet of Jute (around neck) {Acrobat rF+ rC+ Int-3}
   (You found it on level 8 of the Dungeon)

   [amulet of the acrobat]

   It increases your evasion while moving and waiting.
   Int:       It affects your intelligence (-3).
   rF:        It protects you from fire.
   rC:        It protects you from cold.
Wands
 Q - a wand of mindburst (13)
 S - a wand of iceblast (20)
Scrolls
 f - 2 scrolls of teleportation
 h - 3 scrolls of amnesia
 k - a scroll of fear
 R - a scroll of fog
 W - a scroll of silence
 X - a scroll of enchant armour
 Z - a scroll of holy word
Potions
 e - 9 potions of heal wounds {unknown}
 j - 2 potions of curing {unknown}
 o - 2 potions of berserk rage {unknown}
 z - a potion of mutation {unknown}
 A - 2 potions of cancellation {unknown}
 B - 3 potions of magic
 C - 9 potions of resistance {unknown}
 D - 4 potions of invisibility {unknown}
 F - 4 potions of attraction {unknown}
 J - 6 potions of might {unknown}
 U - 3 potions of haste
 V - a potion of brilliance {unknown}
 Y - a potion of degeneration {unknown}
Miscellaneous
 K - a phantom mirror


   Skills:
 + Level 7.0 Fighting
 + Level 11.9 Maces & Flails
 + Level 0.1 Slings
 + Level 5.8 Dodging
 + Level 3.6 Stealth


You had 10 spell levels left.
You didn't know any spells.
Your spell library contained the following spells:

 Spells                   Type           Power      Damage    Failure   Level
 Foxfire                  Conj/Fire      0%         2x1d4     52%         1
 Sandblast                Erth           0%         2d4       52%         1
 Shock                    Conj/Air       0%         1d3       52%         1
 Corpse Rot               Necr/Air       0%         N/A       67%         2
 Passwall                 Tmut/Erth      0%         N/A       67%         2
 Poisonous Vapours        Pois/Air       0%         N/A       67%         2
 Confusing Touch          Hex            0%         N/A       88%         3
 Frozen Ramparts          Ice            0%         1d2       88%         3
 Stone Arrow              Conj/Erth      0%         3d7       88%         3
 Swiftness                Air            0%         N/A       88%         3
 Airstrike                Air            0%         N/A       99%         4
 Ice Form                 Ice/Tmut       0%         N/A       99%         4
 Summon Ice Beast         Ice/Summ       0%         N/A       99%         4
 Yara's Violent Unravell  Hex/Tmut       0%         3d3       100%        5
 Enfeeble                 Hex            0%         N/A       100%        7


Dungeon Overview and Level Annotations

Branches:
Dungeon (10/15)            Temple (1/1) D:7            Lair (0/6) D:9
    Orc (0/2) D:9           Sewer (visited)          Bailey (visited)

Altars:
Ashenzari
Cheibriados
Dithmenos
Elyvilon
Fedhas
Gozag
Hepliaklqana
Kikubaaqudgha
Makhleb
Nemelex Xobeh
Okawaru
Qazlal
Ru
Sif Muna
Trog
Uskayaw
Vehumet
Wu Jian
Xom
Yredelemnul
Zin
The Shining One

Shops:
D:5 =


Innate Abilities, Weirdness & Mutations

Your life essence is reduced to manifest your ancestor. (-10% HP)
You are too large for most types of armour.
You have claws for hands.
Your natural rate of healing is unusually fast.
You are covered in fur. (AC +1)
You have tough skin. (AC +1)


Message History

* * * LOW HITPOINT WARNING * * *
You sock reversiblehash's ghost!
Reversiblehash's ghost is almost destroyed.
Your +3 spectral giant club barely misses reversiblehash's ghost.
Your +3 spectral giant club fades away.
Septimus hits reversiblehash's ghost but does no damage.
Reversiblehash's ghost hits Septimus!
Reversiblehash's ghost freezes Septimus.
The boulder beetle bites you!!
* * * LOW HITPOINT WARNING * * *
You bludgeon reversiblehash's ghost!!
You destroy reversiblehash's ghost!
The boulder beetle closely misses you.
Your Fighting skill increases to level 7!
You have reached level 11!
There is an open translucent door here.
Blink to where?
Press: ? - help, Dir - move target
As you read the scroll of blinking, it crumbles to dust.
The boulder beetle barely misses Septimus.
Throw: 299 stones
Press: ? - help, Q - select action, (/) - cycle Shift-Dir - straight line, f - boulder beetle
Aim: a boulder beetle (90% to hit)
You throw a stone. Septimus avoids your attack.
The stone hits the boulder beetle but does no damage.
Septimus hits the boulder beetle with a +0 quarterstaff.
The boulder beetle bites Septimus!
Septimus hits the boulder beetle but does no damage.
Throw: 298 stones
Press: ? - help, Q - select action, (/) - cycle Shift-Dir - straight line, f/p - boulder beetle
Aim: a boulder beetle (lightly wounded, ally target, 90% to hit)
You throw a stone. Septimus avoids your attack.
The stone hits the boulder beetle but does no damage.
The boulder beetle is lightly wounded.
The boulder beetle bites Septimus!!
Septimus is destroyed!
The boulder beetle curls into a ball and begins rolling!
The boulder beetle hits you!!!
Ouch! That really hurt!
You die...

##...###............##..# #
#....##..........##....# ##
#...............###....###.
##.######.......####....##..
#.## ###.....#...#....###..
#.# ##......####.....####..
### #......## #....####...
#..###.# ##..###.....
#.###.@# #..# #.....
#.##..B## ##..# #....#
#.##.○..# #...########
#.#..°..## #....##
#.#...°..# #.....## #
#........######...#####
##........# ##....#..
##.......## ##......
#........# #....##


You could see a boulder beetle (rolling).

Vanquished Creatures
  The ghost of reversiblehash the Protected, a novice MiFi (D:10)
  A deep elf pyromancer (D:9)
  A troll (D:9)
  A wraith (D:10)
  A vampire (D:10)
  4 yaks
  Edmund (D:4)
  7 water moccasins
  2 sky beasts
  2 black bears
  2 ice beasts (D:7)
  6 orc warriors
  A necrophage (D:8)
  2 ogres
  2 centaurs
  A phantom (D:6)
  9 kobold brigands
  A wyvern zombie (D:6)
  4 bullfrogs
  2 gnoll sergeants (D:9)
  2 scorpions (D:6)
  2 water moccasin skeletons
  A wyvern skeleton (D:7)
  3 killer bees (D:7)
  A howler monkey (D:9)
  2 centaur zombies
  4 orc priests
  A gnoll shaman (D:8)
  3 hounds
  2 bullfrog skeletons
  3 centaur skeletons
  6 orc wizards
  Robin (D:2)
  7 adders
  19 gnolls
  A shadow imp (D:7)
  A white imp (D:7)
  2 worms
  A dart slug (D:4)
  42 orcs
  8 ball pythons
  5 endoplasms
  5 giant cockroaches
  13 goblins
  8 hobgoblins
  9 jackals
  5 quokkas
  2 bats (D:1)
  4 frilled lizards
  25 kobolds
  8 rats
  A plant (D:9)
248 creatures vanquished.

Vanquished Creatures (collateral kills)
  An unseen horror (D:10)
  A yak (D:10)
  2 black bears (D:9)
  2 kobold brigands (D:9)
  A bullfrog (D:9)
  An orc priest (D:10)
  A gnoll shaman (D:9)
  3 orc wizards
  4 gnolls
  4 orcs
  2 goblins (D:8)
  2 kobolds (D:9)
24 creatures vanquished.

Vanquished Creatures (others)
  4 battlemagi
  A gnoll (D:9)
  A kobold (D:9)
  36 fungi (D:9)
  23 plants (D:9)
65 creatures vanquished.

Grand Total: 337 creatures vanquished

Notes
Turn   | Place    | Note
-------+----------+-------------------------------------------
     0 | D:1      | issech the Troll Monk began the quest for the Orb.
     0 | D:1      | Reached XP level 1. HP: 22/22 MP: 0/0
   268 | D:1      | Reached XP level 2. HP: 29/29 MP: 1/1
   391 | D:1      | Reached skill level 3 in Maces & Flails
   822 | D:2      | Reached XP level 3. HP: 36/36 MP: 2/2
   922 | D:2      | Found a faded altar of an unknown god.
  1051 | D:2      | Noticed Robin
  1370 | D:2      | Found an ancient bone altar of Kikubaaqudgha.
  1420 | D:2      | Killed Robin
  1421 | D:2      | Reached XP level 4. HP: 41/45 MP: 3/3
  1753 | D:3      | Identified the +3 leather armour of Fabulous the Leaf {rF++
                  | Regen+ MP-9}
  1839 | D:3      | Found a broken altar of Ashenzari.
  1953 | D:3      | Reached skill level 4 in Maces & Flails
  2049 | D:3      | Reached XP level 5. HP: 53/53 MP: 4/4
  2086 | D:3      | Noticed a black bear
  2092 | D:3      | You are sucked into a shaft and drop 2 floors!
  2092 | D:5      | Entered Level 5 of the Dungeon
  2097 | D:5      | Noticed an ogre
  2119 | D:5      | Found Gubouf's Jewellery Shop.
  2230 | D:5      | Killed an ogre
  2264 | D:4      | Found a radiant altar of Vehumet.
  2281 | D:4      | Reached XP level 6. HP: 56/61 MP: 5/5
  2306 | D:4      | Noticed Edmund
  2351 | D:4      | Killed Edmund
  2352 | D:4      | Reached skill level 5 in Maces & Flails
  2392 | D:4      | Found a glowing drain.
  2419 | Sewer    | Entered a sewer
  2460 | Sewer    | Reached XP level 7. HP: 69/70 MP: 6/6
  2791 | Sewer    | Identified a scroll of acquirement
  2810 | D:4      | Acquired a +3 spectral giant club
  2890 | D:3      | Reached skill level 6 in Maces & Flails
  3564 | D:5      | Reached XP level 8. HP: 79/79 MP: 7/7
  3912 | D:6      | Reached skill level 7 in Maces & Flails
  4485 | D:7      | Reached skill level 5 in Fighting
  4524 | D:7      | Reached skill level 8 in Maces & Flails
  4550 | D:7      | Reached skill level 5 in Dodging
  4550 | D:7      | Reached XP level 9. HP: 72/88 MP: 8/8
  4987 | D:7      | Found a basalt altar of Yredelemnul.
  5090 | D:7      | Found a staircase to the Ecumenical Temple.
  5099 | Temple   | Entered the Ecumenical Temple
  5104 | Temple   | Became a worshipper of Hepliaklqana the Forgotten
  5104 | Temple   | Reached * piety under Hepliaklqana
  5104 | Temple   | Reached ** piety under Hepliaklqana
  5108 | Temple   | Remembered your ancestor Septimus as a battlemage
  5779 | D:8      | Reached skill level 9 in Maces & Flails
  5865 | D:8      | Found a bloodstained altar of Trog.
  5872 | D:8      | Identified the amulet of Jute {Acrobat rF+ rC+ Int-3}
  5916 | D:8      | Found a stormy altar of Qazlal.
  5955 | D:8      | Found a flagged portal.
  5968 | Bailey   | Entered a bailey
  6996 | D:9      | Noticed a deep elf pyromancer
  7022 | D:9      | Killed a deep elf pyromancer
  7117 | D:9      | Reached skill level 10 in Maces & Flails
  7117 | D:9      | Reached XP level 10. HP: 88/88 MP: 9/9
  7169 | D:9      | Found a shadowy altar of Dithmenos.
  7522 | D:9      | Found a shimmering blue altar of Sif Muna.
  7532 | D:9      | Reached *** piety under Hepliaklqana
  7539 | D:9      | Got Sif Muna's Grimoire of Combat Magic
  7585 | D:9      | Found a staircase to the Lair.
  7715 | D:9      | Reached skill level 11 in Maces & Flails
  8199 | D:9      | Found a staircase to the Orcish Mines.
  8331 | D:10     | Entered Level 10 of the Dungeon
  8800 | D:10     | Found a runed translucent door.
  8802 | D:10     | Noticed a boulder beetle
  8803 | D:10     | Noticed reversiblehash's ghost (novice MiFi)
  9563 | D:10     | Killed reversiblehash's ghost
  9564 | D:10     | Reached XP level 11. HP: 12/98 MP: 10/10
  9580 | D:10     | Annihilated by a boulder beetle

Illustrated notes

Levels and vault maps discovered:
D:1:      tarquinn_simple_flora_water_c, layout_loops_ring, minmay_distorted
D:2:      layout_loops_ring, basic_altar,
          shapermc_ecumenical_altar_starsandcircs, uniq_robin
D:3:      layout_rooms, mainiacjoe_overflow_tiny_flanked,
          kennysheep_another_room
D:4:      layout_cave_pools, mainiacjoe_overflow_paths, portal_sewer_entry_f,
          uniq_edmund
D:5:      layout_cave_pools, serial_shops, shop,
          amcnicky_mini_rare_corridor_liquid,
          nicolae_concentric_dashed_squares_mild, chequers_serial_rivers_large_a
D:6:      layout_cave_pools
D:7:      layout_basic, kennysheep_mini_moat, lemuel_temple_firewalk_a
D:8:      layout_basic, grunt_qazlal_clouds,
          mainiacjoe_overflow_concentric_impassable, enter_bailey_3
D:9:      lemuel_ice_spiral_2, layout_basic, grunt_dithmenos_smoke_and_mirrors,
          led_sif_book, due_lair_maze_entry_diamond,
          kennysheep_orc_monster_closet_entryway
D:10:     layout_layer_cave, ebering_ghost_inner_flame, minmay_strange_pillars
Temple:   minmay_freezing_vapour_temple

Skill      XL: |  1  2  3  4  5  6  7  8  9 10 |
---------------+-------------------------------+-----
Maces & Flails | 3 4 5 6 8 10 11 | 11.9
Fighting       | 3 4 5 6 7 |  7.0
Dodging        | 3 4 5 |  5.8
Stealth        | 2 3 |  3.6
Slings         | |  0.1

Action                   |  1- 3 |  4- 6 |  7- 9 | 10-12 || total
-------------------------+-------+-------+-------+-------++-------
Melee: Mace              |   123 |    29 |       |       ||   152
       Punch             |     1 |     1 |     1 |       ||     3
       Morningstar       |       |    83 |       |       ||    83
       Giant spiked club |       |    43 |       |       ||    43
       Flail             |       |    33 |    64 |       ||    97
       Giant club        |       |       |   150 |   103 ||   253
 Fire: Hunting sling     |     2 |       |       |       ||     2
Throw: Stone             |       |       |       |     2 ||     2
Invok: Recall Ancestor   |       |       |     1 |       ||     1
       Ancestor Life: Ba |       |       |     1 |       ||     1
  Use: Scroll            |       |     4 |     7 |     4 ||    15
       Potion            |       |       |       |     2 ||     2
 Stab: Sleeping          |     1 |     3 |    10 |     1 ||    15
       Distracted        |       |       |     1 |     1 ||     2
Armor: Robe              |    59 |       |       |       ||    59
       Animal skin       |       |    89 |    39 |    16 ||   144
Dodge: Dodged            |    89 |   119 |   135 |    57 ||   400
